 Dungeon Crawl Stone Soup version 0.14-a0-2071-g7172c92 (webtiles) character file.

5119 Jenx the Basher (level 11, -4/75 HPs)
             Began as a Formicid Fighter on Jan 22, 2014.
             Was a Follower of Dithmengos.
             Slain by a seven-headed hydra (8 damage)
             ... on Level 1 of the Lair of Beasts on Jan 23, 2014.
             The game lasted 00:33:39 (9353 turns).

Jenx the Basher (Formicid Fighter)                  Turns: 9353, Time: 00:33:39

HP  -4/75        AC 16     Str 22      XL: 11   Next:  4%
MP  11/11        EV  7     Int  9      God: Dithmengos [*.....]
Gold 366         SH  0     Dex 11      Spells:  0 memorised, 10 levels left

rFire  . . .     SeeInvis +     a - +3,+0 giant spiked club
rCold  . . .     Clarity  .     B - +0 dwarf chain mail
rNeg   . . .     Conserve .     (no shield)
rPois  x         rCorr    .     (helmet unavailable)
rElec  .         rRot     .     s - +0 cloak
SustAb . .       Spirit   .     (no gloves)
rMut   .         Warding  .     (no boots)
Saprov . . .     Stasis   +     (no amulet)
MR     +....                    h - +5,+4 ring of slaying
                                j - +4 ring of protection

@: wreathed by umbra, somewhat resistant to hostile enchantments, extremely
unstealthy
A: permanent stasis, dig shafts and tunnels, four strong arms, poison weakness,
antennae 3, exoskeleton 1
a: Dig, Shaft Self, Renounce Religion


You were on level 1 of the Lair of Beasts.
You worshipped Dithmengos.
Dithmengos was aware of your devotion.
You were not hungry.

You visited 3 branches of the dungeon, and saw 11 of its levels.
You also visited: Sewer.

You collected 366 gold pieces.

Inventory:

Hand weapons
 a - a +3,+0 giant spiked club (weapon)
 b - a +0 blowgun
 x - a +2,+3 orcish dagger of venom
 U - a +0,+0 orcish morningstar
Missiles
 v - 3 javelins (quivered)
 C - 48 poisoned needles
Armour
 c - a +0 shield
 s - a +0 cloak (worn)
 t - the +1 robe "Pawiynu" {rElec, unknown}
   (You found it on level 5 of the Dungeon)

   It insulates you from electricity.
 B - a +0 dwarven chain mail (worn)
Magical devices
 p - a wand of slowing (3)
 u - a wand of digging (6)
 z - a wand of confusion (5)
 I - a wand of slowing (16)
 N - a wand of paralysis (16)
Comestibles
 d - 6 bread rations
 l - a slice of pizza
 m - 2 chunks of ogre flesh
 A - 4 meat rations
 T - 10 strawberries
 V - a rotting chunk of hound flesh
Scrolls
 f - 5 scrolls of fog
 r - 8 scrolls of remove curse
 w - 3 scrolls of fear
 y - a scroll of recharging {unknown}
 L - a scroll of immolation
 O - 4 scrolls of identify
Jewellery
 g - an uncursed ring of sustain abilities
 h - a +5,+4 ring of slaying (right hand)
 j - a +4 ring of protection (left hand)
 k - an uncursed ring of wizardry
 q - a +5 ring of dexterity
Potions
 i - a potion of might {unknown}
 n - 10 potions of curing
 o - 5 potions of heal wounds
 D - 2 potions of degeneration {unknown}
 E - a potion of paralysis {unknown}
 F - 4 potions of brilliance {unknown}
 H - a potion of lignification {unknown}
 K - a potion of speed {unknown}
 M - a potion of restore abilities {unknown}


   Skills:
 - Level 7.0 Fighting
 * Level 12.8 Maces & Flails
 - Level 2.1 Throwing
 - Level 3.6 Armour
 - Level 3.1 Stealth
   Level 3.0 Shields


You had 10 spell levels left.
You didn't know any spells.

Dungeon Overview and Level Annotations

Branches:
Dungeon (9/16)             Temple (1/1) D:4            Lair (1/8) D:9
    Orc: D:9-12

Altars:
Ashenzari
Cheibriados
Dithmengos
Elyvilon
Fedhas
Kikubaaqudgha
Makhleb
Nemelex Xobeh
Okawaru
Sif Muna
Trog
Vehumet
Xom
Yredelemnul
Zin
the Shining One


Innate Abilities, Weirdness & Mutations

Your are under a permanent stasis effect.
You can dig through walls and to a lower floor.
Your four strong arms can wield any weapon, most with a shield.
You are susceptible to poison.
You have a pair of large antennae on your head (SInv).
Your body is surrounded by an exoskeleton. (AC +1)


Message History

The seven-headed hydra is moderately wounded.
The water moccasin bites you but does no damage.
The seven-headed hydra bites you but does no damage.
The seven-headed hydra barely misses you.
The seven-headed hydra bites you!
* * * LOW HITPOINT WARNING * * *
The seven-headed hydra bites you.
* * * LOW HITPOINT WARNING * * *
The seven-headed hydra bites you but does no damage.
You impale the seven-headed hydra!!
The seven-headed hydra is severely wounded.
The water moccasin bites you but does no damage.
The seven-headed hydra bites you.
* * * LOW HITPOINT WARNING * * *
The seven-headed hydra bites you!
* * * LOW HITPOINT WARNING * * *
The seven-headed hydra closely misses you.
The seven-headed hydra bites you but does no damage.
The seven-headed hydra bites you!
You die...

## ###.######
###.S........
#...@.#
........D......#
.#####.(.#...#.
..(.. ....
.....#. ...
..##.##.# . ...
#.. . ## #.. .
#..


You could see a seven-headed hydra and a water moccasin.

Vanquished Creatures
  Prince Ribbit (D:6)
  The ghost of Piginabag the Skirmisher, an average FoHu (D:5)
  The ghost of Piginabag the Skirmisher, an average FoHu (D:4)
  A steam dragon (D:9)
  Menkaure (D:6)
  A necrophage (D:6)
  2 ice beasts (D:8)
  3 sky beasts
  2 black bears
  A phantom (D:5)
  2 ogres
  A centaur (D:6)
  A crocodile (D:8)
  Duvessa (D:4)
  5 big kobolds (Sewer)
  3 giant frogs
  7 killer bees
  6 wights
  The ghost of mopl the Insei, a weakling DgTm (D:3)
  Dowan (D:4)
  2 goliath beetles
  5 hounds
  2 jellies
  A quasit (D:9)
  3 crimson imps
  A big fish (D:5)
  2 iguanas
  2 orc priests
  3 orc wizards
  A scorpion (D:6)
  10 worker ants
  Ijyb (D:6)
  Jessica (D:2)
  An ogre skeleton (D:7)
  2 hound skeletons
  8 adders
  9 gnolls
  4 green rats (Sewer)
  7 giant mites
  2 giant centipedes (D:7)
  A steam dragon skeleton (D:5)
  7 worms
  A scorpion zombie (D:5)
  An adder zombie (D:6)
  An adder skeleton (D:5)
  5 grey rats (Sewer)
  A giant eyeball (D:9)
  4 giant geckos
  2 oozes
  8 orcs
  17 bats
  A bat zombie (D:5)
  14 hobgoblins
  14 jackals
  A quokka (D:3)
  6 ball pythons
  12 giant cockroaches
  A giant gecko zombie (D:5)
  2 giant newts
  10 goblins
  A goblin zombie (D:5)
  A jackal zombie (D:5)
  23 kobolds
  A kobold skeleton (D:5)
  2 kobold zombies (D:5)
  An orc skeleton (D:8)
  2 orc zombies (D:5)
  A quokka zombie (D:5)
  15 rats
  A rat zombie (D:5)
  3 ballistomycetes (D:8)
  A bush (D:1)
270 creatures vanquished.

Vanquished Creatures (others)
  A giant spore (D:8)
1 creature vanquished.

Grand Total: 271 creatures vanquished

Notes
Turn   | Place    | Note
--------------------------------------------------------------
     0 | D:1      | Jenx, the Formicid Fighter, began the quest for the Orb.
     0 | D:1      | Reached XP level 1. HP: 16/16 MP: 1/1
   220 | D:1      | Reached XP level 2. HP: 17/21 MP: 2/2
   351 | D:1      | Reached XP level 3. HP: 26/26 MP: 3/3
   852 | D:2      | Found an iron altar of Okawaru.
   859 | D:2      | Reached XP level 4. HP: 29/31 MP: 4/4
   943 | D:2      | Reached skill level 4 in Maces & Flails
  1058 | D:2      | Noticed Jessica
  1061 | D:2      | Killed Jessica
  1264 | D:2      | Found a snail-covered altar of Cheibriados.
  1269 | D:2      | Reached XP level 5. HP: 36/36 MP: 5/5
  1481 | D:3      | Noticed mopl's ghost (weakling DgTm)
  1491 | D:3      | Killed mopl's ghost
  1491 | D:3      | Reached skill level 5 in Maces & Flails
  1627 | D:3      | Reached XP level 6. HP: 37/42 MP: 6/6
  2107 | D:3      | Found a radiant altar of Vehumet.
  2113 | D:3      | Found a glowing golden altar of the Shining One.
  2204 | D:4      | Reached skill level 6 in Maces & Flails
  2615 | D:4      | Reached XP level 7. HP: 33/46 MP: 7/7
  2845 | D:4      | Noticed Dowan
  2847 | D:4      | Noticed Duvessa
  2870 | D:4      | Killed Duvessa
  2870 | D:4      | Reached skill level 7 in Maces & Flails
  2897 | D:4      | Killed Dowan
  3266 | D:4      | Found a staircase to the Ecumenical Temple.
  3273 | Temple   | Entered the Ecumenical Temple
  3672 | D:4      | Noticed Piginabag's ghost (average FoHu)
  3706 | D:4      | Killed Piginabag's ghost
  3706 | D:4      | Reached skill level 8 in Maces & Flails
  3706 | D:4      | Reached XP level 8. HP: 3/52 MP: 8/8
  4155 | D:5      | Entered Level 5 of the Dungeon
  4381 | D:5      | Found a shimmering altar of Xom.
  4568 | D:5      | Found a glowing drain.
  4583 | Sewer    | Entered a sewer
  4724 | Sewer    | Reached skill level 9 in Maces & Flails
  5210 | Sewer    | Reached skill level 10 in Maces & Flails
  5210 | Sewer    | Reached XP level 9. HP: 56/56 MP: 9/9
  5281 | Sewer    | Reached skill level 1 in Throwing
  5515 | D:5      | Noticed Piginabag's ghost (average FoHu)
  5527 | D:5      | Killed Piginabag's ghost
  5837 | D:5      | Got a colourful robe
  6085 | D:6      | Reached skill level 5 in Fighting
  6156 | D:6      | Noticed Menkaure
  6163 | D:6      | Killed Menkaure
  6178 | D:6      | Noticed Prince Ribbit
  6192 | D:6      | Killed Prince Ribbit
  6239 | D:6      | Found an ancient bone altar of Kikubaaqudgha.
  6305 | D:6      | Found a glowing silver altar of Zin.
  6455 | D:6      | Found a burning altar of Makhleb.
  6722 | D:6      | Reached XP level 10. HP: 69/71 MP: 10/10
  6826 | D:6      | Noticed Ijyb
  6836 | D:6      | Killed Ijyb
  7508 | D:7      | Reached skill level 11 in Maces & Flails
  8198 | D:8      | Found a shadowy altar of Dithmengos.
  8214 | D:8      | Became a worshipper of Dithmengos
  8353 | D:7      | Reached skill level 12 in Maces & Flails
  8631 | D:8      | Upgraded the game from 0.14-a0-2061-g6c6fb9c to 0.14-a0-2071-g7172c92
  8685 | D:8      | Reached skill level 1 in Stealth
  9251 | D:9      | Reached XP level 11. HP: 60/75 MP: 11/11
  9313 | D:9      | Found a staircase to the Lair.
  9345 | Lair:1   | Entered Level 1 of the Lair of Beasts
  9345 | Lair:1   | Noticed a seven-headed hydra
  9353 | Lair:1   | Slain by a seven-headed hydra

Action                   |  1- 3 |  4- 6 |  7- 9 | 10-12 || total
-------------------------+-------+-------+-------+-------++-------
Melee: Mace              |   165 |    86 |       |       ||   251
       Flail             |       |    50 |   334 |       ||   384
       Morningstar       |       |       |    33 |   223 ||   256
       Giant spiked club |       |       |       |    34 ||    34
 Fire: Blowgun           |       |       |     3 |       ||     3
Throw: Javelin           |       |     5 |     9 |    18 ||    32
       Dart              |       |     3 |       |       ||     3
 Abil: Dig               |       |       |    10 |     1 ||    11
Evoke: Wand              |       |       |     3 |     4 ||     7
  Use: Potion            |       |     1 |       |     1 ||     2
       Scroll            |       |       |    19 |     6 ||    25
